Map: Ruínas de Endion

Players

TheZergLord - Winner!

  • Race: Zerg Zerg
  • League: Master

Seigifried

  • Race: Protoss Protoss
  • League: Master

VOD

Have the link to the VOD?

Description

Time

  • Played on: May 23, 2016, 12:12 p.m.
  • Length: 11:01
Show
View Real Time Build Order
Export as new Build Order

TheZergLord Zerg - Winner!

Build Orders: Pool First, Lurkers 

Get SALT Encoding   

  12  0:01  Drone  
  13  0:12  Overlord  
  13  0:18  Drone  
  14  0:32  Drone x2  
  14  0:34  Drone  
  17  0:48  Spawning Pool  
  17  0:49  Drone  
  17  1:10  Hatchery  
  16  1:13  Drone  
  17  1:35  Queen  
  17  1:36  Zergling x4  
  21  1:53  Hatchery  
  20  1:57  Overlord  
  20  1:58  Drone  
  21  2:05  Drone  
  22  2:18  Queen  
  22  2:21  Drone  
  22  2:22  Drone  
  26  2:24  Drone  
  27  2:30  Queen  
  27  2:32  Drone  
  30  2:39  Drone  
  30  2:43  Drone x2  
  33  2:48  Drone x2  
  33  2:49  Drone  
  36  2:55  Overlord  
  36  3:07  Queen  
  36  3:10  Drone x4  
  42  3:16  Drone x3  
  45  3:20  Extractor  
  45  3:21  Extractor  
  45  3:26  Overlord  
  43  3:27  Drone x2  
  43  3:28  Drone  
  43  3:30  Drone  
  47  3:36  Drone x3  
  47  3:38  Overlord  
  50  3:41  Overlord  
  50  3:51  Drone x4  
  50  3:52  Drone x2  
  56  4:08  Overlord  
  56  4:10  Lair  
  56  4:13  Drone  
  56  4:14  Drone x6, Evolution Chamber  
  56  4:16  Drone  
  56  4:17  Drone  
  64  4:20  Drone x2  
  64  4:24  Overlord  
  66  4:25  Drone x2  
  66  4:30  Drone x4  
  72  4:35  Drone x2, Metabolic Boost  
  74  4:38  Extractor  
  74  4:40  Extractor  
  74  4:41  Extractor  
  74  4:42  Extractor  
  74  4:45  Drone  
  71  4:47  Drone, Zerg Missile Weapons Level 1  
  71  4:48  Drone x3  
  71  4:49  Drone  
  71  4:52  Drone  
  77  5:09  Hydralisk Den  
  77  5:10  Zergling x2  
  77  5:11  Zergling x10  
  77  5:13  Overlord x2  
  82  5:15  Overlord  
  82  5:28  Hatchery  
  81  5:29  Drone  
  82  5:37  Overseer  
  82  5:39  Hydralisk x6, Muscular Augments  
  82  5:41  Hydralisk  
  96  5:43  Zergling x8  
  100  5:55  Overlord x2  
  100  5:56  Hydralisk  
  100  5:57  Hydralisk x2  
  104  6:07  Hydralisk  
  104  6:08  Hydralisk x3  
  98  6:22  Hydralisk  
  98  6:23  Hydralisk x5  
  98  6:24  Zergling x6  
  105  6:32  Hydralisk x3  
  103  6:34  Zergling x6  
  112  6:40  Queen  
  112  6:45  Hydralisk x3  
  112  6:46  Hydralisk  
  106  7:11  Drone x7  
  112  7:17  Drone  
  112  7:18  Drone  
  112  7:20  Lurker Den  
  112  7:21  Hydralisk x5  
  124  7:24  Drone  
  124  7:25  Extractor  
  124  7:28  Drone, Extractor  
  123  7:33  Overseer  
  123  7:35  Hydralisk x2  
  127  7:40  Overlord x2  
  127  7:42  Zerg Missile Weapons Level 2  
  127  7:47  Spire  
  127  7:50  Drone  
  127  7:56  Overlord x7  
  127  8:01  Hydralisk x6  
  127  8:02  Hydralisk  
  141  8:11  Spore Crawler  
  141  8:12  Spore Crawler  
  135  8:15  Spore Crawler, Spine Crawler  
  121  8:21  Overseer x2  
  118  8:30  Drone x5  
  118  8:31  Drone  
  120  8:38  Drone x2  
  120  8:47  Drone x4  
  119  9:00  Lurker  
  119  9:01  Lurker x5  
  125  9:03  Lurker  
  125  9:05  Lurker  
  125  9:07  Lurker  
  125  9:09  Lurker  
  129  9:10  Lurker  
  129  9:12  Lurker  
  131  9:20  Drone x5  
  131  9:21  Drone  
  131  9:23  Drone  
  139  9:24  Drone  
  139  9:35  Hydralisk  
  139  9:36  Hydralisk x3  
  146  9:48  Hydralisk  
  146  9:49  Hydralisk x4  
Show
View Real Time Build Order
Export as new Build Order

Seigifried Protoss 

Build Orders: 1 Gate Expand 

Get SALT Encoding   

  12  0:04  Probe (Chrono Boost)  
  13  0:15  Probe (Chrono Boost)  
  14  0:25  Pylon, Probe (Chrono Boost)  
  15  0:43  Probe (Chrono Boost)  
  15  0:44  Gateway  
  16  0:51  Assimilator  
  16  0:54  Probe (Chrono Boost)  
  17  1:04  Probe (Chrono Boost)  
  18  1:15  Probe (Chrono Boost)  
  20  1:25  Probe (Chrono Boost)  
  20  1:33  Cybernetics Core  
  20  1:40  Nexus  
  20  1:47  Zealot (Chrono Boost)  
  22  1:57  Pylon  
  22  2:01  Assimilator  
  22  2:15  Mothership Core (Chrono Boost), Adept (Chrono Boost)  
  26  2:21  Warp Gate  
  25  2:36  Probe (Chrono Boost)  
  26  2:40  Gateway  
  26  2:43  Adept  
  28  2:47  Probe (Chrono Boost)  
  29  2:57  Probe (Chrono Boost)  
  30  3:01  Pylon  
  30  3:02  Probe (Chrono Boost)  
  31  3:08  Probe (Chrono Boost)  
  33  3:13  Probe (Chrono Boost)  
  33  3:18  Probe (Chrono Boost)  
  34  3:23  Probe (Chrono Boost)  
  35  3:29  Probe (Chrono Boost)  
  35  3:30  Twilight Council  
  35  3:34  Probe (Chrono Boost)  
  37  3:39  Probe (Chrono Boost)  
  37  3:40  Sentry  
  40  3:44  Probe (Chrono Boost)  
  41  3:50  Probe (Chrono Boost)  
  41  3:55  Probe (Chrono Boost)  
  43  4:00  Robotics Facility  
  43  4:03  Pylon  
  43  4:11  Resonating Glaives (Chrono Boost)  
  43  4:12  Probe (Chrono Boost)  
  43  4:13  Probe (Chrono Boost)  
  45  4:23  Probe x2 (Chrono Boost)  
  47  4:31  Gateway  
  47  4:32  Gateway  
  47  4:33  Probe (Chrono Boost)  
  47  4:34  Pylon, Probe (Chrono Boost)  
  49  4:45  Probe (Chrono Boost)  
  50  4:47  Warp Prism  
  52  4:53  Gateway  
  52  4:54  Gateway  
  52  4:57  Gateway  
  52  5:07  Gateway  
  52  5:14  Pylon, Assimilator  
  52  5:22  Dark Shrine, Assimilator  
  52  5:26  Robotics Bay  
  52  5:32  Probe  
  52  5:33  Probe  
  54  5:56  Adept x4  
  62  6:10  Adept x4  
  66  6:21  Adept x4  
  74  6:27  Warp Prism  
  74  6:45  Nexus  
  74  6:48  Pylon x2, Probe  
  74  6:51  Pylon  
  74  6:54  Pylon  
  57  7:10  Adept x7  
  57  7:11  Adept  
  67  7:21  Disruptor (Chrono Boost)  
  70  7:31  Adept x2  
  70  7:32  Adept x3  
  70  7:34  Probe, Sentry  
  70  7:36  Probe  
  82  7:48  Probe  
  82  7:50  Dark Templar x2  
  87  7:51  Dark Templar  
  89  8:00  Dark Templar  
  89  8:01  Dark Templar, Probe  
  89  8:02  Probe  
  89  8:04  Probe  
  95  8:07  Archon  
  95  8:12  Probe  
  97  8:25  Observer (Chrono Boost)  
  96  8:28  Stalker x4  
  102  8:41  Adept  
  102  8:42  Adept x2  
  108  8:59  Disruptor (Chrono Boost)  
  108  9:02  Probe x2  
  109  9:04  Probe  
  109  9:05  Adept  
  109  9:06  Adept x5  
  109  9:07  Assimilator  
  109  9:09  Assimilator  
  124  9:15  Pylon  
  124  9:17  Pylon  
  124  9:19  Observer Gravitic Boosters  
  124  9:34  Probe x2, Stalker  
  124  9:35  Stalker  
  130  9:57  Stargate  
  130  9:58  Pylon  
  129  10:00  Adept x5  
  129  10:01  Adept  
  117  10:22  Adept x2  
  109  10:32  Sentry  
Tags
 
Add a new tag
Caveats
  • Supply blocks, unpowered buildings, or Contaminate may cause inaccurate times.
  • Supply counts are checked every 10 seconds.